 Dungeon Crawl Stone Soup version 0.21-a0-404-g291f19a (webtiles) character file.

945 Gealt the Grappler (level 8, -1/48 HPs)
             Began as a Gargoyle Monk on Oct 27, 2017.
             Engulfed by a steam dragon's steam (12 damage)
             ... on level 5 of the Dungeon.
             The game lasted 00:12:43 (3705 turns).

Gealt the Grappler (Gargoyle Monk)                  Turns: 3705, Time: 00:12:44

Health: -1/48      AC: 18    Str: 15      XL:     8   Next: 13%
Magic:  8/8        EV: 10    Int:  9 (11) God:
Gold:   149        SH:  0    Dex: 13 (14) Spells: 7/7 levels left

rFire    . . .     SeeInvis .     - Unarmed
rCold    + . .     Gourm    .   (no shield)
rNeg     + . .     Faith    .   a - +1 scale mail {rC+}
rPois    ∞         Spirit   .   e - +0 helmet
rElec    +         Reflect  .   c - +2 cloak {rPois}
rCorr    .         Harm     .   (no gloves)
MR       .....                  o - +0 pair of boots
Stlth    +.........             (no amulet)
HPRegen  0.16/turn              (no ring)
MPRegen  0.11/turn              (no ring)

@: no status effects
A: big wings, deterioration 1, negative energy resistance 1, electricity
resistance, unbreathing, petrification resistance, rot immunity, AC +5
a: Fly


You were on level 5 of the Dungeon.
You were not hungry.

You visited 1 branch of the dungeon, and saw 5 of its levels.

You collected 149 gold pieces.

Inventory:

Armour
 a - a +1 scale mail of cold resistance (worn)
 c - a +2 cloak of poison resistance (worn)
 e - a +0 helmet (worn)
 o - a +0 pair of boots (worn)
Wands
 d - a wand of iceblast (0/15)
Scrolls
 g - 3 scrolls of identify
 k - a scroll of amnesia
Potions
 i - 3 potions of haste
Comestibles
 b - 3 bread rations


   Skills:
 + Level 3.9 Fighting
 + Level 2.4 Armour
 + Level 3.4 Dodging
 + Level 3.0 Stealth
 * Level 8.3 Unarmed Combat


You had 7 spell levels left.
You didn't know any spells.

Dungeon Overview and Level Annotations

Branches:
Dungeon (5/15)
 Temple: D:4-7

Altars:
Makhleb
Nemelex Xobeh


Innate Abilities, Weirdness & Mutations

You are resistant to torment.
Your stone body is resilient. (AC +5)
You are immune to poison.
You resist negative energy. (rN+)
You are resistant to electric shocks. (rElec)
You can survive without breathing.
You are immune to petrification.
You are immune to rotting.
Your large and strong wings let you fly indefinitely.
Your body sometimes deteriorates upon taking damage.


Message History

The ball of steam hits you!
Your body deteriorates!
You feel clumsy.
You hear an angry hiss.
Unknown command.
The steam dragon breathes steam at you. The ball of steam hits you!
* * * LOW HITPOINT WARNING * * *
Your body deteriorates!
You feel dopey.
You hear an angry hiss.
Unknown command.
Unknown command.
Unknown command.
Okay, then.
Unknown command.
Aiming: Iceblast (will waste charges)
Press: ? - help, Shift-Dir - straight line, f/p - steam dragon
Aim: a steam dragon (steam, almost dead) Nothing appears to happen.
You are engulfed in a cloud of scalding steam.
You die...

#### ##.P.# ## #.≈..P#
########≈
≈P...P.#########≈≈≈PPP.P
P.....≈^.PP≈..PP........
≈.....DD§§§§.§..P.≈..≈P.
#≈...^P@§≈P.§#######.≈P.
#≈≈≈≈≈P####### ###≈.
###P.## ### ###


You could see 2 steam dragons.

Vanquished Creatures
  The ghost of Abyssteak the Skirmisher, an amateur MiBe of Trog (D:3)
  Edmund (D:4)
  The ghost of JimmyStorm the Vexing, an amateur KoAM (D:4)
  A scorpion (D:3)
  5 orc priests
  2 orc wizards
  Crazy Yiuf (D:2)
  3 worker ants
  Robin (D:4)
  2 adders (D:3)
  An ooze (D:3)
  An adder skeleton (D:4)
  2 dart slugs
  2 leopard geckos
  18 orcs
  A ball python (D:2)
  9 bats
  6 giant cockroaches
  12 goblins
  10 hobgoblins
  2 jackals (D:2)
  5 kobolds
  A quokka (D:2)
  A ball python skeleton (D:4)
  3 frilled lizards
  5 rats
97 creatures vanquished.

Notes
Turn   | Place    | Note
-------+----------+-------------------------------------------
     0 | D:1      | Gealt the Gargoyle Monk began the quest for the Orb.
     0 | D:1      | Reached XP level 1. HP: 14/14 MP: 1/1
   159 | D:1      | Reached XP level 2. HP: 16/19 MP: 2/2
   582 | D:2      | Found a sparkling altar of Nemelex Xobeh.
   591 | D:2      | Reached XP level 3. HP: 23/23 MP: 3/3
   928 | D:2      | Reached skill level 4 in Unarmed Combat
  1145 | D:2      | Found a runed door.
  1149 | D:2      | Noticed Crazy Yiuf
  1161 | D:2      | Killed Crazy Yiuf
  1161 | D:2      | Reached XP level 4. HP: 12/28 MP: 4/4
  1373 | D:3      | Noticed Abyssteak's ghost (amateur MiBe)
  1710 | D:4      | Noticed JimmyStorm's ghost (amateur KoAM)
  1725 | D:3      | Reached skill level 5 in Unarmed Combat
  1725 | D:3      | Reached XP level 5. HP: 20/32 MP: 5/5
  1741 | D:3      | Gained mutation: Your body sometimes deteriorates upon taking damage. [potion of mutation]
  1741 | D:3      | Gained mutation: Your large and strong wings let you fly indefinitely. [potion of mutation]
  1787 | D:4      | Noticed Edmund
  1804 | D:4      | Killed Edmund
  1804 | D:4      | Reached skill level 1 in Armour
  1804 | D:4      | Reached XP level 6. HP: 21/38 MP: 6/6
  1869 | D:3      | Found a burning altar of Makhleb.
  2093 | D:4      | Reached skill level 6 in Unarmed Combat
  2325 | D:4      | Noticed Robin
  2343 | D:3      | Reached XP level 7. HP: 39/42 MP: 7/7
  2561 | D:3      | Killed Abyssteak's ghost
  2561 | D:3      | Reached skill level 7 in Unarmed Combat
  3031 | D:4      | Killed JimmyStorm's ghost
  3031 | D:4      | Reached skill level 8 in Unarmed Combat
  3031 | D:4      | Reached XP level 8. HP: 46/48 MP: 8/8
  3036 | D:4      | Killed Robin
  3647 | D:5      | Entered Level 5 of the Dungeon
  3705 | D:5      | Engulfed by a steam dragon's steam

Vault maps used:
D:1:      enne_arrival_octagon_isle
D:2:      first_bread, minivault_23, minmay_misc_feat_chi,
          nemelex_xobeh_ov_fountains_minmay, uniq_crazy_yiuf_cottage
D:3:      lemuel_upstairs_altar
D:4:      uniq_robin, uniq_edmund
D:5:      kennysheep_steamy

Skill      XL: |  1  2  3  4  5  6  7 |
---------------+----------------------+-----
Unarmed Combat | 4 5 6 8 |  8.3
Armour         | 1 2 |  2.4
Dodging        | 3 |  3.4
Stealth        | 3 |  3.0
Fighting       | |  3.9

Action                   |  1- 3 |  4- 6 |  7- 9 || total
-------------------------+-------+-------+-------++-------
Melee: Unarmed           |   185 |   139 |   173 ||   497
       Punch             |     2 |     5 |     4 ||    11
 Abil: Fly               |       |       |     1 ||     1
       Stop Flying       |       |       |     1 ||     1
Evoke: Wand              |       |       |     2 ||     2
  Use: Potion            |     1 |     5 |       ||     6
       Scroll            |       |     3 |       ||     3
 Stab: Sleeping          |     2 |       |       ||     2
  Eat: Bread ration      |       |     1 |       ||     1
       Chunk             |       |       |     4 ||     4
       Royal jelly       |       |       |     1 ||     1
Armor: Robe              |    24 |       |       ||    24
       Scale mail        |    53 |    79 |   138 ||   270
Dodge: Dodged            |   107 |    52 |   116 ||   275

Table legend:
 A = Spawn XP
 B = Non-spawn XP
 C = Spawn XP percentage of total XP
 D = Spawn monster count
 E = Non-spawn monster count
 F = Spawn count percentage of total count
 G = Total turns spent on level
                    A         B        C        D         E        F      G
               +---------+---------+-------+---------+---------+-------+---------
         Total |       0 |    1350 |   0.0 |       0 |      97 |   0.0 |  3705
               +---------+---------+-------+---------+---------+-------+---------
           D:1 |       0 |      32 |   0.0 |       0 |      18 |   0.0 |   572
           D:2 |       0 |     121 |   0.0 |       0 |      28 |   0.0 |   969
           D:3 |       0 |     678 |   0.0 |       0 |      37 |   0.0 |  1263
           D:4 |       0 |     519 |   0.0 |       0 |      14 |   0.0 |   843
               +---------+---------+-------+---------+---------+-------+---------
